 Dungeon Crawl Stone Soup version 0.16-a0-3521-gb1b4986 (webtiles) character file.

10635 PolkaDot the Grappler (level 11, -23/101 HPs)
             Began as a Black Draconian Monk on Jan 7, 2015.
             Was a High Priest of Okawaru.
             Killed from afar by a frost giant (33 damage)
             ... with a bolt of cold
             ... created by the fury of Okawaru
             ... on level 1 of the Lair of Beasts.
             The game lasted 00:39:13 (15558 turns).

PolkaDot the Grappler (Black Draconian Monk)       Turns: 15558, Time: 00:39:13

Health: -23/101    AC: 12    Str: 18    XL:     11   Next: 38%
Magic:  0/11       EV: 18    Int: 14    God:    Okawaru [*****.]
Gold:   728        SH:  0    Dex: 16    Spells: 0 memorised, 10 levels left

rFire  . . .     SeeInvis .       - Unarmed
rCold  . . .     Clarity  .     (armour unavailable)
rNeg   . . .     SustAb   .     (no shield)
rPois  .         Gourm    .     l - +0 hat {Spirit} {god gift}
rElec  +         Spirit   +     i - +0 cloak
rCorr  .         Warding  .     e - +2 pair of gloves {Dex+3}
rMut   +         Stasis   .     G - +0 pair of boots
MR     +....                    H - amulet of resist mutation
Stlth  ++........               C - +4 ring of strength
                                q - ring of protection from magic

@: somewhat resistant to hostile enchantments, unstealthy
A: breathe lightning, unfitting armour, antennae 1, screaming 1, electricity
resistance, spit poison 1, cold-blooded, AC +7
a: Spit Poison, Breathe Lightning, Heroism, Finesse, Renounce Religion


You were on level 1 of the Lair of Beasts.
You worshipped Okawaru.
Okawaru was extremely pleased with you.
You were not hungry.

You visited 3 branches of the dungeon, and saw 13 of its levels.

You collected 728 gold pieces.

Inventory:

Missiles
 w - 6 silver javelins (quivered)
Armour
 e - a +2 pair of gloves of dexterity (worn)
 i - a +0 cloak (worn)
 l - a +0 hat of spirit shield (worn) {god gift}
 G - a +0 pair of boots (worn)
Jewellery
 q - a ring of protection from magic (left hand)
 C - a +4 ring of strength (right hand)
 H - an amulet of resist mutation (around neck)
Magical devices
 n - a wand of flame (10)
 p - a wand of enslavement (11)
 v - a wand of fire (9)
 y - a wand of cold (8)
 A - a wand of frost (14)
 D - a wand of paralysis (9)
 J - a wand of cold (9)
 K - a wand of polymorph (9)
Scrolls
 c - 2 scrolls of enchant weapon
 h - 2 scrolls of remove curse
 k - a scroll of fear
 u - a scroll of enchant armour
 x - 3 scrolls of amnesia
 L - 2 scrolls of identify
 N - a scroll of immolation
Potions
 o - a potion of cure mutation {!q}
 s - 2 potions of cancellation
 F - a potion of might
 I - a potion of curing
Books
 z - a book of the Tempests

   Spells                             Type                      Level
   a - Static Discharge               Conjuration/Air              3
   b - Lightning Bolt                 Conjuration/Air              5
   c - Fireball                       Conjuration/Fire             5
   d - Tornado                        Air                          9
   e - Shatter                        Earth                        9
Comestibles
 a - 8 fruits
 b - 7 bread rations
 f - 5 beef jerkies
 j - 11 royal jellies
 t - 2 meat rations
 B - a slice of pizza


   Skills:
 + Level 10.6 Fighting
 + Level 8.9 Dodging
 - Level 1.7 Stealth
 * Level 12.9 Unarmed Combat


You had 10 spell levels left.
You didn't know any spells.

Dungeon Overview and Level Annotations

Branches:
Dungeon (11/15)            Temple (1/1) D:5            Lair (1/8) D:9
    Orc (0/4) D:9

Altars:
Ashenzari
Cheibriados
Dithmenos
Elyvilon
Fedhas
Gozag
Kikubaaqudgha
Makhleb
Nemelex Xobeh
Okawaru
Qazlal
Ru
Sif Muna
Trog
Vehumet
Xom
Yredelemnul
Zin
The Shining One
Beogh


Innate Abilities, Weirdness & Mutations

You can breathe wild blasts of lightning.
Your glossy black scales are hard (AC +7).
Your body does not fit into most forms of armour.
You are resistant to electric shocks.
Your cold-blooded metabolism reacts poorly to cold.
You have a pair of small antennae on your head.
You occasionally shout uncontrollably at your foes.
You can spit poison.


Message History

The frost giant is lightly wounded.
Evoking this partially-identified wand wasted a few charges.
Read which item? (? for menu, Esc to quit)
Charge which item? (? for menu, Esc to quit)
As you read the scroll of recharging, it crumbles to dust.
Your wand of fire {empty} glows for a moment.
The frost giant gestures at you while chanting.
The bolt of cold hits you!
* * * LOW MAGIC WARNING * * *
Ouch! That really hurt!
* * * LOW HITPOINT WARNING * * *
All of the chunks of flesh in your inventory have rotted away.
Read which item? (? for menu, Esc to quit)
Okay, then.
Drink which item? (? for menu, Esc to quit)
Magic courses through your body.
The frost giant points at you and mumbles some strange words.
The bolt of cold hits you!
* * * LOW MAGIC WARNING * * *
You die...

........#P###.........######....#
....#.P#####.........## ####..
.......# ##..........# #.####
P#..#.####.......$...# #.####
###.P.# #............# #.....
###...###...........# #.....
.......#P..........## #.....
......##P...........########.....
.≈....##........@..C.......##....
≈≈≈.÷.#..(.......................
≈≈≈≈..###......###########..#....
≈###..P#####.÷## ######## ##
#.........P# # #..#.#.##..# #
#.....#.#..# # #........#.## ##
#.......÷#..# #.


You could see a frost giant.

Vanquished Creatures
  A hill giant (D:10)
  A komodo dragon (Lair:1)
  An elephant (D:9)
  Joseph (D:9)
  2 spiny frogs (Lair:1)
  The ghost of Gravitas the Magician, an experienced GrWz (D:6)
  Prince Ribbit (D:4)
  A troll (D:10)
  3 deep elf magi
  Eustachio (D:7)
  5 hippogriffs
  12 yaks
  5 water moccasins
  3 black bears
  A porcupine (Lair:1)
  4 orc warriors
  3 ogres
  2 sky beasts
  A necrophage (D:10)
  3 crocodiles
  Duvessa (D:9)
  A centaur (D:11)
  A big kobold (D:11)
  7 giant frogs
  4 wights (D:9)
  3 electric eels
  8 killer bees
  A scorpion (D:10)
  3 goliath beetles
  Dowan (D:9)
  5 jellies (D:9)
  A crimson imp (D:6)
  A quasit (D:5)
  Crazy Yiuf (D:4)
  A centaur zombie (D:10)
  7 orc priests
  2 hounds
  4 giant frog skeletons
  4 iguanas
  Natasha (thrice) (D:4)
  6 orc wizards
  9 worker ants
  A sheep (D:9)
  A hound zombie (D:8)
  A hound skeleton (D:7)
  14 adders
  A shadow imp (D:7)
  3 giant mites
  2 worms
  5 giant geckos
  7 oozes
  55 orcs
  2 ball pythons
  19 bats
  15 hobgoblins
  12 jackals
  5 quokkas
  5 giant cockroaches
  A giant gecko zombie (D:8)
  6 giant newts
  A giant spore (D:8)
  14 goblins
  17 kobolds
  A quokka skeleton (D:9)
  15 rats
  2 ballistomycetes (D:6)
331 creatures vanquished.

Vanquished Creatures (collateral kills)
  Harold (Lair:1)
1 creature vanquished.

Vanquished Creatures (others)
  2 killer bees (D:7)
  An adder zombie (D:8)
  A quokka (D:8)
  A giant spore (D:6)
  A plant (Lair:1)
6 creatures vanquished.

Grand Total: 338 creatures vanquished

Notes
Turn   | Place    | Note
--------------------------------------------------------------
     0 | D:1      | PolkaDot, the Draconian Monk, began the quest for the Orb.
     0 | D:1      | Reached XP level 1. HP: 19/19 MP: 1/1
   302 | D:1      | Reached XP level 2. HP: 20/26 MP: 2/2
  1154 | D:2      | Reached XP level 3. HP: 25/31 MP: 3/3
  1246 | D:2      | You fall through a shaft for 2 floors!
  1263 | D:4      | Noticed Prince Ribbit
  1466 | D:5      | Entered Level 5 of the Dungeon
  1946 | D:5      | Reached XP level 4. HP: 26/40 MP: 4/4
  2139 | D:5      | Noticed a giant frog
  2150 | D:5      | Killed a giant frog
  2150 | D:5      | Reached skill level 5 in Unarmed Combat
  2150 | D:5      | Reached XP level 5. HP: 27/46 MP: 5/5
  2445 | D:5      | Found a staircase to the Ecumenical Temple.
  2456 | Temple   | Entered the Ecumenical Temple
  2673 | Temple   | Became a worshipper of Warmaster Okawaru
  2673 | Temple   | Acquired Okawaru's first power
  2686 | D:5      | Noticed an ogre
  2707 | D:5      | Killed an ogre
  2707 | D:5      | Reached XP level 6. HP: 4/53 MP: 6/6
  3786 | D:5      | Reached skill level 5 in Fighting
  4286 | D:4      | Reached skill level 6 in Unarmed Combat
  4524 | D:4      | Noticed Natasha
  4533 | D:4      | Killed Natasha
  4572 | D:4      | Gained mutation: You can spit poison. [potion of mutation]
  4572 | D:4      | Gained mutation: You have a pair of small antennae on your head. [potion of mutation]
  4572 | D:4      | Gained mutation: You occasionally shout uncontrollably at your foes. [potion of mutation]
  4594 | D:4      | Killed Prince Ribbit
  4594 | D:4      | Your scales start taking on a glossy black colour.
  4594 | D:4      | Gained mutation: You are resistant to electric shocks. [draconian maturity]
  4594 | D:4      | Reached XP level 7. HP: 46/61 MP: 5/7
  4667 | D:4      | Noticed Natasha
  4683 | D:4      | Killed Natasha
  4762 | D:4      | Noticed Natasha
  4766 | D:4      | Killed Natasha
  4828 | D:4      | Noticed Crazy Yiuf
  4842 | D:4      | Killed Crazy Yiuf
  5421 | D:3      | Found a burning altar of Makhleb.
  5421 | D:3      | Noticed a balrug
  6290 | D:2      | Reached skill level 5 in Dodging
  6399 | D:2      | Found a snail-covered altar of Cheibriados.
  6517 | D:2      | Reached skill level 7 in Unarmed Combat
  6774 | D:6      | Noticed Gravitas' ghost (experienced GrWz)
  6792 | D:6      | Killed Gravitas' ghost
  6792 | D:6      | Reached XP level 8. HP: 43/71 MP: 8/8
  6964 | D:6      | Found a glowing silver altar of Zin.
  7161 | D:6      | Found a bloodstained altar of Trog.
  7175 | D:6      | Reached skill level 8 in Unarmed Combat
  7872 | D:6      | Found a sacrificial altar of Ru.
  8263 | D:7      | Noticed Eustachio
  8281 | D:7      | Killed Eustachio
  8530 | D:7      | Found an ancient bone altar of Kikubaaqudgha.
  9010 | D:7      | Reached skill level 9 in Unarmed Combat
  9110 | D:8      | Reached XP level 9. HP: 70/79 MP: 9/9
  9150 | D:8      | Found a shadowy altar of Dithmenos.
 10354 | D:8      | Found an opulent altar of Gozag.
 10354 | D:8      | Found a basalt altar of Yredelemnul.
 10417 | D:9      | Noticed Joseph
 10433 | D:9      | Killed Joseph
 10433 | D:9      | Reached skill level 10 in Unarmed Combat
 10600 | D:9      | Found a roughly hewn altar of Beogh.
 10600 | D:9      | Found a staircase to the Orcish Mines.
 10971 | D:9      | Reached XP level 10. HP: 43/90 MP: 10/10
 11217 | D:9      | Found a staircase to the Lair.
 11470 | D:9      | Noticed Duvessa
 11476 | D:9      | Killed Duvessa
 11476 | D:9      | Reached skill level 11 in Unarmed Combat
 11489 | D:9      | Noticed an elephant
 11524 | D:9      | Killed an elephant
 11524 | D:9      | Received a gift from Okawaru
 11894 | D:9      | Noticed Dowan
 11894 | D:10     | Entered Level 10 of the Dungeon
 11919 | D:10     | Acquired Okawaru's second power
 12092 | D:10     | Noticed a hill giant
 12108 | D:10     | Killed a hill giant
 12672 | D:10     | Reached skill level 12 in Unarmed Combat
 12990 | D:10     | Reached skill level 10 in Fighting
 13539 | D:11     | Noticed a centaur warrior
 13853 | D:9      | Killed Dowan
 14048 | Lair:1   | Entered Level 1 of the Lair of Beasts
 14059 | Lair:1   | Received a gift from Okawaru
 14059 | Lair:1   | Reached XP level 11. HP: 63/99 MP: 8/11
 14732 | Lair:1   | Noticed Harold
 14753 | Lair:1   | Killed Harold
 14758 | Lair:1   | Was placed under penance by Okawaru
 14815 | Lair:1   | Noticed a frost giant
 15305 | Lair:1   | Was forgiven by Okawaru
 15558 | Lair:1   | Killed from afar by a frost giant

Action                   |  1- 3 |  4- 6 |  7- 9 | 10-12 || total
-------------------------+-------+-------+-------+-------++-------
Melee: Unarmed           |   113 |   199 |   577 |   393 ||  1282
Throw: Javelin           |       |       |       |    12 ||    12
Invok: Heroism           |       |     1 |     3 |     5 ||     9
 Abil: Spit Poison       |       |     2 |       |       ||     2
       Breathe Lightning |       |       |     5 |     5 ||    10
Evoke: Wand              |       |       |     4 |    16 ||    20
  Use: Scroll            |     7 |     3 |    12 |     7 ||    29
       Potion            |     1 |     3 |     3 |     6 ||    13
 Stab: Sleeping          |     3 |     1 |     7 |       ||    11
       Distracted        |       |       |     1 |       ||     1
       Paralysed         |       |       |     2 |       ||     2
  Eat: Chunk             |     2 |    10 |    17 |    17 ||    46
       Bread ration      |       |       |     1 |       ||     1
